 Dungeon Crawl Stone Soup version 0.23-a0-305-g7ffd15e (webtiles) character file.

14107 namelastname112 the Quickloader (level 11, -20/97 HPs)
             Began as a White Draconian Hunter on Oct 9, 2018.
             Was a High Priest of Dithmenos.
             Killed from afar by Josephine (26 damage)
             ... with a ghostly fireball
             ... on level 11 of the Dungeon.
             The game lasted 00:27:26 (14272 turns).

namelastname112 the Quickloader (DrHu)             Turns: 14272, Time: 00:27:27

Health: -20/97     AC: 11    Str: 19    XL:     11   Next: 84%
Magic:  0/11       EV: 15    Int: 11    God:    Dithmenos [*****.]
Gold:   1249       SH:  0    Dex: 16    Spells: 10/10 levels left

rFire    . . .     SeeInvis +   b - +4 scimitar
rCold    + . .     Gourm    .   (no shield)
rNeg     . . .     Faith    .   (armour unavailable)
rPois    .         Spirit   +   (helmet restricted)
rElec    .         Reflect  .   I - +0 cloak
rCorr    .         Harm     .   i - +1 pair of gloves
MR       .....                  h - +0 pair of boots
Stlth    +++++.....             K - amulet of guardian spirit
HPRegen  0.26/turn              j - +5 ring of strength
MPRegen  0.12/turn              f - ring of see invisible

@: very slightly contaminated, slowed, wreathed by umbra, heavily drained,
invisible, very slow
A: breathe frost, unfitting armour, cold resistance 1, cold-blooded, AC +7
a: Breathe Frost, Shadow Step, Shadow Form, Renounce Religion


You were on level 11 of the Dungeon.
You worshipped Dithmenos.
Dithmenos was extremely pleased with you.
You were very hungry.

You visited 2 branches of the dungeon, and saw 12 of its levels.
You also visited: Bailey.

You collected 1348 gold pieces.
You spent 99 gold pieces at shops.

Inventory:

Hand Weapons
 a - a +1 arbalest
 b - a +4 scimitar (weapon)
 n - a +2 short sword of draining
Missiles
 y - 6 bolts
 B - 5 throwing nets (quivered)
Armour
 h - a +0 pair of boots (worn)
 i - a +1 pair of gloves (worn)
 I - a +0 cloak (worn)
Jewellery
 f - a ring of see invisible (right hand)
 j - a +5 ring of strength (left hand)
 K - an amulet of guardian spirit (around neck)
Wands
 q - a wand of disintegration (7)
 A - a wand of digging (11)
 C - a wand of iceblast (11)
Scrolls
 g - 10 scrolls of remove curse
 o - a scroll of teleportation
 t - 2 scrolls of amnesia
 u - a scroll of fog
Potions
 e - 3 potions of ambrosia
 p - a potion of haste {unknown}
 s - a potion of brilliance
 w - 4 potions of mutation
 x - a potion of cancellation
 J - a potion of resistance
Miscellaneous
 c - a phantom mirror
Comestibles
 d - 17 rations
 l - 2 chunks of flesh


   Skills:
 + Level 9.2(6.0) Fighting
 + Level 7.5(4.5) Long Blades
 * Level 10.8(7.5) Crossbows
 + Level 7.5(4.5) Dodging
 + Level 8.1(5.0) Stealth


You had 10 spell levels left.
You didn't know any spells.
Your spell library contained the following spells:

 Spells                   Type           Power        Failure   Level  Hunger
 Magic Dart               Conj           #...         34%         1    ##.....
 Searing Ray              Conj           #.....       47%         2    ###....
 Dazzling Spray           Conj/Hex       #.....       71%         3    ####...
 Cause Fear               Hex            #.........   98%         4    #####..
 Force Lance              Conj/Tloc      #.......     98%         4    #####..
 Fulminant Prism          Conj/Hex       #.........   98%         4    #####..
 Iskenderun's Mystic Bla  Conj           #.......     98%         4    #####..
 Silence                  Hex/Air        #.........   100%        5    ######.
 Yara's Violent Unravell  Hex/Tmut       #.........   100%        5    ######.
 Deflect Missiles         Chrm/Air       #.........   100%        6    #######
 Discord                  Hex            #.........   100%        8    #######


Dungeon Overview and Level Annotations

Branches:
Dungeon (11/15)            Temple (1/1) D:6            Lair (0/6) D:9
    Orc: D:9-12

Altars:
Ashenzari
Cheibriados
Dithmenos
Elyvilon
Fedhas
Gozag
Hepliaklqana
Kikubaaqudgha
Makhleb
Nemelex Xobeh
Okawaru
Qazlal
Ru
Sif Muna
Trog
Uskayaw
Vehumet
Wu Jian
Xom
Yredelemnul
Zin
The Shining One

Shops:
D:7 (   D:8 [(=?:   D:9 %   D:11 [

Annotations:
D:11 Josephine


Innate Abilities, Weirdness & Mutations

You can breathe waves of freezing cold.
You can buffet flying creatures when you breathe cold.
Your icy white scales are hard. (AC +7)
You cannot fit into any form of body armour.
Your flesh is cold resistant. (rC+)
You are cold-blooded and may be slowed by cold attacks.


Message History

The arrow completely misses Josephine.
The arrow misses you.
You take 4 damage, and have 9/97 hp.
You slash Josephine!
You tail-slap Josephine, but do no damage.
Josephine is severely wounded.
Your shadow hits Josephine but does no damage.
Josephine hits you with a dagger.
* * * LOW HITPOINT WARNING * * *
The centaur shoots an arrow.
The arrow hits the wraith!
Josephine barely misses you.
You riposte.
You barely miss Josephine.
Josephine is severely wounded.
You take 4 damage, and have 5/97 hp.
You slash Josephine!
Josephine is almost dead.
The centaur shoots an arrow.
The arrow hits the wraith.
The wraith is destroyed!
The centaur shoots an arrow.
The arrow hits Josephine.
Josephine casts a spell at you.
The ghostly flame explodes!
The ghostly fireball engulfs you!
You feel drained.
You die...

**######### *,,.......#
********
*,*#.#.##(#######..,,,,*
*,*#.#(...@@(c....#***,*
#,*#....#.##.#.##.#***,**
#.##.#.##.#*(#,,,,,,,,,,*
#.#..#.##.#*.#***,*****,*
#.........#*.#***,* *,**
###†#######*..,,,,* *,,*
#.# *##***,* *,,*
###.#### #######,*****,,*
#......# #.....#,,,,,,,,*


You could see Josephine and a centaur.

Vanquished Creatures
  Harold (D:11)
  3 death yaks
  An ugly thing (D:11)
  4 trolls
  2 hornets
  A hippogriff (D:7)
  6 yaks
  3 wraiths (D:11)
  3 hungry ghosts
  Edmund (D:5)
  A soldier ant (D:10)
  Duvessa (D:5)
  A floating eye (D:9)
  A porcupine (D:9)
  3 orc warriors
  2 black bears (D:9)
  3 ice beasts
  A sky beast (D:10)
  A phantom (D:9)
  9 ogres
  An eye of draining (D:11)
  4 centaurs (D:9)
  A big kobold (D:11)
  13 bullfrogs
  Blork the orc (D:5)
  8 gnoll sergeants (Bailey)
  Dowan (D:5)
  A wyvern skeleton (D:7)
  A scorpion (D:7)
  29 killer bees
  13 wights (D:10)
  7 howler monkeys
  3 crimson imps
  A bullfrog zombie (D:6)
  4 orc priests
  10 hounds
  A quasit (D:11)
  A bullfrog skeleton (D:10)
  6 gnoll shamans (Bailey)
  4 jellies
  7 orc wizards
  2 iguanas
  4 hell rats (D:9)
  6 worker ants
  A hound skeleton (D:4)
  A worker ant zombie (D:8)
  A howler monkey skeleton (D:6)
  11 adders
  21 gnolls
  A river rat (D:9)
  A shadow imp (D:10)
  9 oozes (D:4)
  3 worms
  3 dart slugs (D:1)
  5 leopard geckos
  48 orcs
  A ball python (D:2)
  7 bats
  6 giant cockroaches
  2 gnoll zombies (D:2)
  5 goblins
  11 hobgoblins
  14 jackals
  5 quokkas
  9 frilled lizards
  17 kobolds
  A leopard gecko zombie (D:6)
  A quokka skeleton (D:6)
  17 rats
378 creatures vanquished.

Vanquished Creatures (others)
  A wraith (D:11)
  A fungus (D:4)
  6 toadstools (D:4)
8 creatures vanquished.

Grand Total: 386 creatures vanquished

Notes
Turn   | Place    | Note
-------+----------+-------------------------------------------
     0 | D:1      | namelastname112 the Draconian Hunter began the quest for
                  | the Orb.
     0 | D:1      | Reached XP level 1. HP: 17/17 MP: 1/1
    20 | D:1      | Reached skill level 1 in Stealth
    67 | D:1      | Reached XP level 2. HP: 5/25 MP: 2/2
   504 | D:1      | Reached XP level 3. HP: 29/30 MP: 3/3
   954 | D:2      | Reached skill level 4 in Crossbows
  1024 | D:2      | Found a faded altar of an unknown god.
  1332 | D:2      | Reached XP level 4. HP: 24/38 MP: 4/4
  1523 | D:2      | Found a basalt altar of Yredelemnul.
  2091 | D:3      | Reached XP level 5. HP: 31/45 MP: 5/5
  2364 | D:3      | Found a hide-covered altar of Uskayaw.
  2364 | D:3      | Noticed a hand axe
  2365 | D:3      | Noticed a hand axe
  2768 | D:4      | Noticed an ogre
  2776 | D:4      | Killed an ogre
  2776 | D:4      | Reached skill level 1 in Long Blades
  2776 | D:4      | Reached XP level 6. HP: 46/52 MP: 6/6
  3067 | D:4      | Reached skill level 5 in Crossbows
  3256 | D:4      | Your scales start taking on an icy white colour.
  3256 | D:4      | Reached XP level 7. HP: 42/60 MP: 7/7
  3256 | D:4      | Gained mutation: Your flesh is cold resistant. (rC+) [White
                  | Draconian growth]
  3763 | D:5      | Entered Level 5 of the Dungeon
  3792 | D:5      | Noticed Duvessa
  3792 | D:5      | Noticed Dowan
  3816 | D:5      | Killed Duvessa
  3819 | D:5      | Killed Dowan
  4083 | D:5      | Found a shattered altar of Ashenzari.
  4473 | D:5      | Reached skill level 5 in Fighting
  4513 | D:5      | Found a stormy altar of Qazlal.
  4520 | D:5      | Noticed Blork the orc
  4520 | D:5      | Noticed Edmund
  4532 | D:5      | Killed Blork the orc
  4532 | D:5      | Reached XP level 8. HP: 57/68 MP: 8/8
  4549 | D:5      | Killed Edmund
  4549 | D:5      | Reached skill level 6 in Crossbows
  4837 | D:6      | Found a staircase to the Ecumenical Temple.
  4854 | Temple   | Entered the Ecumenical Temple
  4997 | Temple   | Became a worshipper of Dithmenos the Shadowed
  5190 | D:6      | Found a hazy altar of Hepliaklqana.
  6103 | D:7      | Found an opulent altar of Gozag.
  6118 | D:7      | Reached * piety under Dithmenos
  6241 | D:7      | Reached skill level 7 in Crossbows
  6278 | D:7      | Reached skill level 5 in Stealth
  6278 | D:7      | Reached XP level 9. HP: 60/75 MP: 9/9
  6307 | D:7      | Reached skill level 5 in Dodging
  6737 | D:7      | Found a burning altar of Makhleb.
  6739 | D:7      | Found Miss's Antique Weapon Shop.
  6753 | D:7      | Bought an arbalest for 99 gold pieces
  6814 | D:7      | Reached ** piety under Dithmenos
  7127 | D:8      | Found Orest's Jewellery Boutique.
  7492 | D:8      | Found Paguceusai's Antique Weapon Emporium.
  7498 | D:8      | Reached skill level 8 in Crossbows
  7546 | D:8      | Reached skill level 5 in Long Blades
  7976 | D:8      | namelastname112: ??*rage
  7976 | D:8      | beem: *rage[1/1]: Attacking with this weapon will make you
                  | go berserk sometimes. Chance is 5% for randarts, fixedarts
                  | may have higher.
  8026 | D:8      | Found Piwubafri's Antique Armour Shoppe.
  8074 | D:8      | Found Nuehuulit's Magic Scroll Shoppe.
  8159 | D:8      | Found Onwuruh's Book Emporium.
  8282 | D:8      | Reached XP level 10. HP: 56/86 MP: 10/10
  8729 | D:8      | Identified a scroll of acquirement
  8730 | D:8      | Got an ichor-stained hat
  8736 | D:8      | Identified the -2 hat of Absence {rPois rC+} (You acquired
                  | it on level 8 of the Dungeon)
  8797 | D:9      | Reached *** piety under Dithmenos
  9089 | D:9      | Reached skill level 9 in Crossbows
  9103 | D:9      | Paralysed by a hornet for 1 turns
  9496 | D:9      | Found a deep blue altar of Sif Muna.
  9508 | D:9      | Found a white marble altar of Elyvilon.
  9538 | D:9      | Noticed a moth of wrath
  9541 | D:9      | Found a bloodstained altar of Trog.
  9866 | D:9      | Noticed a death yak
  9867 | D:9      | Noticed a death yak
  9871 | D:9      | Noticed a death yak
 10136 | D:9      | Found a staircase to the Lair.
 10201 | D:8      | Killed a death yak
 10634 | D:9      | Killed a death yak
 11120 | D:9      | Killed a death yak
 11120 | D:9      | Reached XP level 11. HP: 31/94 MP: 5/11
 11489 | D:9      | Found Deiwy's Food Boutique.
 11514 | D:9      | Found a sacrificial altar of Ru.
 11687 | D:9      | Found a glowing golden altar of the Shining One.
 11784 | D:10     | Entered Level 10 of the Dungeon
 11835 | D:10     | Reached **** piety under Dithmenos
 11884 | D:10     | Reached skill level 10 in Crossbows
 12687 | D:11     | Noticed a purple ugly thing
 12719 | D:11     | Found a flagged portal.
 12736 | D:11     | Noticed Harold
 12745 | D:11     | Killed Harold
 12761 | D:11     | Found Jiduufirig's Antique Armour Boutique.
 12841 | Bailey   | Entered a bailey
 12847 | Bailey   | Reached ***** piety under Dithmenos
 14026 | D:11     | Killed a purple ugly thing
 14256 | D:11     | Noticed Josephine
 14272 | D:11     | Killed from afar by Josephine

Vault maps used:
D:1:      dpeg_arrival_windows_large_door
D:2:      lemuel_zombie_altar_yredelemnul, chequers_ecumenical_altar_island,
          serial_corexii_hall, corexii_hall_statues_u, corexii_hall_statues_s
D:3:      dancing_weapons_uskayaw
D:4:      cheibrodos_fertilizer
D:5:      evilmike_ruin_ashenzari, nicolae_qazlal_general_emergency,
          first_ration, uniq_duvessa, uniq_blork_the_orc, uniq_edmund
D:6:      lemuel_coloured_pillars_altar, minmay_temple_entry_junction,
          grunt_ministairs_6, minivault_19
D:7:      grunt_gozag_statues, bloody_makhleb, serial_shops, shop_fountains
D:8:      serial_shops, shop, nicolae_shop_stone, kennysheep_little_box,
          nicolae_shop_window_shopping, nicolae_shop_trees, special_room
D:9:      kennysheep_mini_moat, marbit_many_paths, tgw_trog,
          nicolae_ru_the_path_less_chosen, nicolae_overflow_hidden_temple,
          dpeg_lair_monsters, serial_shops, shop, onia_ninara_cookie
D:11:     enter_bailey_8, serial_shops, shop_fountains,
          hangedman_pestilent_swarm, minmay_tree_intersection, uniq_josephine,
          uniq_harold
Temple:   dpeg_chambers_temple
Bailey:   bailey_polearm_gnolls_kennysheep, bailey

Skill      XL: |  1  2  3  4  5  6  7  8  9 10 11 |
---------------+----------------------------------+-----
Stealth        | 1 2 3 4 5 6 7 8 |  8.1
Dodging        | 2 3 4 5 6 7 |  7.5
Crossbows      | 4 5 7 8 9 10 | 10.8
Fighting       | 3 4 5 6 7 8 9 |  9.2
Long Blades    | 1 2 3 5 6 7 |  7.5

Action                   |  1- 3 |  4- 6 |  7- 9 | 10-12 || total
-------------------------+-------+-------+-------+-------++-------
Melee: Short sword       |   142 |   149 |   341 |   233 ||   865
       Tailslap          |    21 |    20 |    54 |   104 ||   199
       Scimitar          |       |       |       |   256 ||   256
 Fire: Hand crossbow     |     5 |    37 |    71 |       ||   113
       Arbalest          |       |       |    58 |   116 ||   174
Throw: Throwing net      |       |       |       |     2 ||     2
 Abil: Breathe Frost     |       |       |     8 |    10 ||    18
Evoke: Wand              |       |       |     3 |     7 ||    10
  Use: Scroll            |     2 |       |     5 |    16 ||    23
       Potion            |       |       |       |     7 ||     7
 Stab: Sleeping          |     2 |     8 |     8 |    19 ||    37
       Held in net/web   |       |       |       |     2 ||     2
  Eat: Chunk             |     1 |     7 |    10 |     7 ||    25
       Ration            |       |       |     4 |     4 ||     8
Armor: Skin              |    62 |    36 |   103 |    86 ||   287
Dodge: Dodged            |    97 |   113 |   394 |   460 ||  1064
       Rpst.: Scimitar   |       |       |       |    72 ||    72

Table legend:
 A = Non-vault XP
 B = Vault XP
 C = Vault XP percentage of total XP
 D = Non-vault monster count
 E = Vault monster count
 F = Vault count percentage of total count
                 A         B        C        D         E       F
            +---------+---------+-------+---------+---------+-------
      Total |   12212 |    7941 |  39.4 |     263 |     115 |  30.4
            +---------+---------+-------+---------+---------+-------
        D:1 |      48 |       0 |   0.0 |      26 |       0 |   0.0
        D:2 |      55 |       4 |   6.8 |      21 |       2 |   8.7
        D:3 |     238 |       0 |   0.0 |      35 |       0 |   0.0
        D:4 |     463 |     197 |  29.8 |      12 |      19 |  61.3
        D:5 |     211 |     490 |  69.9 |      11 |       4 |  26.7
        D:6 |     485 |      17 |   3.4 |      23 |       2 |   8.0
        D:7 |    1606 |       0 |   0.0 |      31 |       0 |   0.0
        D:8 |    1610 |    1230 |  43.3 |      27 |      27 |  50.0
        D:9 |    2305 |    3211 |  58.2 |      20 |      27 |  57.4
       D:10 |    2410 |       0 |   0.0 |      35 |       0 |   0.0
       D:11 |    2781 |    1585 |  36.3 |      22 |       4 |  15.4
     Bailey |       0 |    1207 | 100.0 |       0 |      30 | 100.0
            +---------+---------+-------+---------+---------+-------
